 Dungeon Crawl Stone Soup version 0.23-a0-837-ga3e6480 (console) character file.

1334 bli the Carver (level 8, -1/63 HPs)
             Began as a Formicid Abyssal Knight on Jan 25, 2019.
             Was a Priest of Lugonu.
             Slain by a spiny frog (10 damage)
             ... on level 1 of the Lair of Beasts.
             The game lasted 00:24:00 (6623 turns).

bli the Carver (Formicid Abyssal Knight)            Turns: 6623, Time: 00:24:00

Health: -1/63      AC:  8    Str: 18 (20) XL:     8   Next: 92%
Magic:  9/9        EV: 13    Int:  9 (11) God:    Lugonu [***...]
Gold:   410        SH:  0    Dex: 16 (17) Spells: 2/8 levels left

rFire    . . .     SeeInvis +   a - +1 falchion
rCold    . . .     Gourm    .   (no shield)
rNeg     . . .     Faith    .   K - +3 leather armour
rPois    .         Spirit   .   (helmet unavailable)
rElec    .         Reflect  .   G - +1 cloak "Goguosar" {+Blink Str+2}
rCorr    .         Harm     .   (no gloves)
MR       .....                  (no boots)
Stlth    +.........             (no amulet)
HPRegen  0.20/turn              t - +5 ring of dexterity
MPRegen  0.11/turn              i - +2 ring of evasion

@: lethally poisoned (-1 -> -10), heavily drained
A: permanent stasis, dig shafts and tunnels, four strong arms, antennae 3
a: Dig, Shaft Self, Depart the Abyss, Bend Space, Banish, Renounce Religion


You were on level 1 of the Lair of Beasts.
You worshipped Lugonu.
Lugonu was most pleased with you.
You were very hungry.

You visited 2 branches of the dungeon, and saw 8 of its levels.
You visited the Abyss 1 time.

You collected 410 gold pieces.

Inventory:

Hand Weapons
 a - a +1 falchion (weapon)
 j - a +0 hunting sling
 v - a +3 halberd
 A - a +0 hunting sling
 B - a +2 dagger of electrocution
 I - a +0 hunting sling
 M - a +0 rapier
 N - a +0 giant club
 P - a +1 vampiric dagger
Missiles
 l - 233 stones (quivered)
 n - 56 sling bullets
 o - 62 poisoned needles
 u - 3 tomahawks
Armour
 b - a +0 leather armour
 e - a scarf of spirit shield
 k - a +0 chain mail
 y - a +0 ring mail
 G - the +1 cloak "Goguosar" (worn) {+Blink Str+2}
   (You found it on level 4 of the Dungeon)

   It affects your strength (+2).
   It lets you blink.
 J - a +0 leather armour
 K - a +3 leather armour (worn)
 L - a +1 robe of positive energy
 O - a scarf of cloud immunity
 R - the +0 ring mail of Ocvemi {rF+ Str+3, unknown}
   (You found it on level 1 of the Lair of Beasts)

   It affects your strength (+3).
   It protects you from fire.
Magical Staves
 H - an uncursed staff of power {unknown}
Jewellery
 f - an uncursed ring of stealth
 i - a +2 ring of evasion (right hand)
 t - a +5 ring of dexterity (left hand)
Wands
 x - a wand of enslavement (9)
Scrolls
 g - 4 scrolls of remove curse
 h - 3 scrolls of fog {unknown}
 m - 12 scrolls of identify {unknown}
 r - a scroll of random uselessness {unknown}
 s - 5 scrolls of teleportation
 C - 2 scrolls of magic mapping {unknown}
 D - a scroll of immolation {unknown}
 F - a scroll of amnesia {unknown}
Potions
 d - a potion of haste {unknown}
 p - 2 potions of cancellation
 q - 2 potions of flight
 w - a potion of might {unknown}
 z - 2 potions of degeneration
 E - a potion of curing
 Q - a potion of invisibility {unknown}
Comestibles
 c - 10 rations


   Skills:
 + Level 5.4(3.7) Fighting
 + Level 8.4(6.5) Long Blades
 + Level 4.0(2.4) Armour
 + Level 2.4(0.8) Dodging
 + Level 0.9(0.0) Spellcasting
 + Level 2.1(0.5) Poison Magic
 + Level 2.1(0.6) Invocations


You had 2 spell levels left.
You knew the following spells:

 Your Spells              Type           Power        Failure   Level  Hunger
c - Mephitic Cloud        Conj/Pois/Air  #.......     80%         3    ####...
d - Dazzling Spray        Conj/Hex       #.....       82%         3    ####...

Your spell library contained the following spells:

 Spells                   Type           Power        Failure   Level  Hunger
 Corona                   Hex            #......      43%         1    ##.....
 Magic Dart               Conj           #...         43%         1    ##.....
 Call Imp                 Summ           #.......     58%         2    ###....
 Ensorcelled Hibernation  Hex/Ice        #.....       58%         2    ###....
 Slow                     Hex            #.......     58%         2    ###....
 Confuse                  Hex            #.......     82%         3    ####...
 Conjure Flame            Conj/Fire      #.......     82%         3    ####...
 Tukima's Dance           Hex            #.......     82%         3    ####...
 Blink                    Tloc           Unusable     N/A         2    N/A

Dungeon Overview and Level Annotations

Branches:
Dungeon (9/15)             Temple (0/1) D:4            Lair (1/6) D:9
    Orc: D:9-12

Altars:
Qazlal
Xom


Innate Abilities, Weirdness & Mutations

You cannot be hasted, slowed, berserked, paralysed or teleported.
You can dig through walls and to a lower floor.
Your four strong arms can wield two-handed weapons with a shield.
You have a pair of large antennae on your head. (SInv)


Message History

* * * LOW HITPOINT WARNING * * *
You feel sick. The spiny frog barely misses you.
You barely miss the spiny frog.
The spiny frog is almost dead.
* * * LOW HITPOINT WARNING * * *
You feel sick. The spiny frog closely misses you.
You hit the spiny frog but do no damage.
The spiny frog is almost dead.
* * * LOW HITPOINT WARNING * * *
You feel sick. The spiny frog closely misses you.
The spiny frog stings you but does no damage.
You hit the spiny frog.
The spiny frog is almost dead.
* * * LOW HITPOINT WARNING * * *
You feel sick. The spiny frog barely misses you.
You closely miss the spiny frog.
The spiny frog is almost dead.
* * * LOW HITPOINT WARNING * * *
You feel sick. The spiny frog stings you!
You die...

### ### ### #
.####..###.#########P####.###
.............................
.......#'##.####.............
.......#.......#.............
.......#<......#.......###..#
#..######.........# ..
#..........@......#
#..........F......#
#..........(......#
#..........(........
#...............#.##
#...........(...###
#.....######....# #.....#
#...# #...... ......##
.##...$#


You could see a spiny frog.

Vanquished Creatures
  2 ice beasts
  A sky beast (D:5)
  A phantom (D:5)
  An ogre (D:6)
  2 scorpions
  A wight (D:9)
  A howler monkey (D:6)
  2 crimson imps
  3 bullfrog zombies (D:5)
  2 hounds
  An orc priest (D:9)
  3 bullfrog skeletons
  3 orc wizards
  2 worker ants (D:4)
  A worker ant zombie (D:4)
  8 adders
  A howler monkey skeleton (D:5)
  3 shadow imps
  2 oozes (D:2)
  An adder zombie (D:9)
  An adder skeleton (D:5)
  2 worms
  3 dart slugs
  2 leopard geckos
  18 orcs
  3 giant cockroaches
  10 goblins
  8 hobgoblins
  2 jackals (D:9)
  3 quokkas
  7 bats
  5 frilled lizards
  7 kobolds
  A leopard gecko skeleton (D:4)
  A quokka zombie (D:5)
  2 rats (D:3)
116 creatures vanquished.

Notes
Turn   | Place    | Note
-------+----------+-------------------------------------------
     0 | Abyss:1  | bli the Formicid Abyssal Knight began the quest for the
                  | Orb.
     0 | Abyss:1  | Reached XP level 1. HP: 18/18 MP: 2/2
    29 | Abyss:1  | Found a corrupted altar of Lugonu.
   147 | Abyss:1  | Noticed a spatial vortex
   210 | Abyss:1  | Noticed a large abomination
   236 | Abyss:1  | Noticed an ancient zyme
   244 | D:1      | Escaped the Abyss
   517 | D:1      | Reached * piety under Lugonu
   517 | D:1      | Reached XP level 2. HP: 25/25 MP: 3/3
  1322 | D:2      | Reached XP level 3. HP: 30/30 MP: 4/4
  1491 | D:2      | Reached skill level 3 in Long Blades
  1704 | D:2      | Reached XP level 4. HP: 36/37 MP: 5/5
  1821 | D:2      | Learned a level 3 spell: Mephitic Cloud
  2016 | D:2      | Reached skill level 1 in Dodging
  2471 | D:3      | Reached skill level 4 in Long Blades
  2656 | D:3      | Reached XP level 5. HP: 32/42 MP: 4/6
  2723 | D:3      | Reached ** piety under Lugonu
  3252 | D:4      | Reached skill level 5 in Long Blades
  3382 | D:4      | Reached XP level 6. HP: 42/48 MP: 7/7
  3480 | D:4      | Got a distressingly furry cloak
  3491 | D:4      | Identified the +1 cloak "Goguosar" {+Blink Str+2} (You
                  | found it on level 4 of the Dungeon)
  3601 | D:4      | Found a staircase to the Ecumenical Temple.
  3733 | D:5      | Entered Level 5 of the Dungeon
  3991 | D:5      | Reached skill level 6 in Long Blades
  4026 | D:5      | Reached XP level 7. HP: 37/54 MP: 8/8
  4382 | D:5      | Reached skill level 7 in Long Blades
  4546 | D:5      | Reached *** piety under Lugonu
  4652 | D:5      | Reached XP level 8. HP: 58/61 MP: 9/9
  4809 | D:5      | Learned a level 3 spell: Dazzling Spray
  5348 | D:6      | Found a stormy altar of Qazlal.
  5375 | D:6      | Reached skill level 5 in Fighting
  5375 | D:6      | Reached skill level 1 in Poison Magic
  5387 | D:6      | Reached skill level 8 in Long Blades
  5530 | D:6      | You fall through a shaft for 3 floors!
  6044 | D:9      | Found a shimmering altar of Xom.
  6046 | D:9      | Found a staircase to the Lair.
  6100 | D:9      | HP: 3/62 [orc wizard/+1 vampiric dagger (4)]
  6103 | D:9      | HP: 1/62 [orc wizard/+1 vampiric dagger (2)]
  6447 | Lair:1   | Entered Level 1 of the Lair of Beasts
  6574 | Lair:1   | Noticed a spiny frog
  6597 | Lair:1   | Got a spiked ring mail
  6623 | Lair:1   | Slain by a spiny frog

Vault maps used:
D:1:      dpeg_arrival_rhombus, minmay_pentomino_p4
D:2:      minmay_misc_feat_secret_circle
D:3:      cheibrodos_greedy_goblins, hangedman_decor_growths
D:4:      temple_doors_e
D:5:      wad_river_or_something, first_ration
D:6:      overflow_temple_1_default, old_standard_altar, minmay_door_square
D:9:      chequers_temple_overflow_statue_of_worship, lair_entry_dummy,
          basic_altar, serial_shops, shop_fountains

Skill      XL: |  1  2  3  4  5  6  7  8 |
---------------+-------------------------+-----
Fighting       | 4 5 |  5.4
Long Blades    | 3 4 5 6 7 8 |  8.4
Dodging        | 1 2 |  2.4
Armour         | 3 4 |  4.0
Poison Magic   | 2 |  2.1
Spellcasting   | |  0.9
Invocations    | |  2.1

Action                   |  1- 3 |  4- 6 |  7- 9 || total
-------------------------+-------+-------+-------++-------
Melee: Falchion          |    68 |   175 |   225 ||   468
Throw: Stone             |     3 |       |    31 ||    34
       Javelin           |       |    20 |    29 ||    49
Invok: Depart the Abyss  |     1 |       |       ||     1
 Abil: Dig               |       |     1 |     2 ||     3
       Shaft Self        |       |       |     1 ||     1
  Use: Scroll            |       |     3 |       ||     3
       Potion            |       |       |     4 ||     4
 Stab: Sleeping          |     2 |     2 |     1 ||     5
  Eat: Chunk             |     2 |     8 |     8 ||    18
Armor: Leather armour    |    28 |    26 |    28 ||    82
       Ring mail         |       |     3 |    25 ||    28
Dodge: Dodged            |    42 |   104 |   131 ||   277
       Rpst.: Falchion   |    12 |    38 |    39 ||    89

Table legend:
 A = Non-vault XP
 B = Vault XP
 C = Vault XP percentage of total XP
 D = Non-vault monster count
 E = Vault monster count
 F = Vault count percentage of total count
                 A         B        C        D         E       F
            +---------+---------+-------+---------+---------+-------
      Total |    1599 |     307 |  16.1 |      93 |      23 |  19.8
            +---------+---------+-------+---------+---------+-------
        D:1 |      18 |       6 |  25.0 |      11 |       3 |  21.4
        D:2 |      89 |       0 |   0.0 |      16 |       0 |   0.0
        D:3 |      49 |      24 |  32.9 |      13 |      13 |  50.0
        D:4 |     145 |       0 |   0.0 |       9 |       0 |   0.0
        D:5 |     623 |     277 |  30.8 |      24 |       7 |  22.6
        D:6 |     461 |       0 |   0.0 |       7 |       0 |   0.0
        D:9 |     214 |       0 |   0.0 |      13 |       0 |   0.0
            +---------+---------+-------+---------+---------+-------
